 Dungeon Crawl Stone Soup version 0.19-a0-1210-g5c1aa26 (webtiles) character file.

238 Rhoefr the Ruffian (level 5, -3/40 HPs)
             Began as a Draconian Transmuter on Aug 22, 2016.
             Slain by an ogre
             ... wielding a +0 giant spiked club
              (22 damage)
             ... on level 4 of the Dungeon.
             The game lasted 00:11:55 (3213 turns).

Rhoefr the Ruffian (Draconian Transmuter)           Turns: 3213, Time: 00:11:56

Health: -3/40      AC:  7    Str: 12 (13) XL:     5   Next: 78%
Magic:  8/8        EV: 12    Int:  9 (11) God:
Gold:   181        SH:  0    Dex: 10 (12) Spells: 3 memorised, 0 levels left

rFire  . . .     SeeInvis .       - Unarmed
rCold  . . .     Gourm    .     (armour unavailable)
rNeg   . . .     Faith    .     (no shield)
rPois  +         Spirit   .     (helmet restricted)
rElec  .         Dismiss  .     m - +0 cloak
rCorr  .         Reflect  .     i - +0 pair of gloves
MR     .....     Harm     .     (no boots)
Stlth  +.........               (no amulet)
                                (no ring)
                                r - ring of poison resistance

@: no status effects
A: unfitting armour, deterioration 1, dopey 1, cold-blooded, MP-powered wands,
AC +5
a: no special abilities


You were on level 4 of the Dungeon.
You were not hungry.

You visited 2 branches of the dungeon, and saw 5 of its levels.

You collected 181 gold pieces.

Inventory:

Missiles
 a - 74 arrows
Armour
 i - a +0 pair of gloves (worn)
 m - a +0 cloak (worn)
Jewellery
 r - a ring of poison resistance (left hand)
Scrolls
 d - a scroll of teleportation {unknown}
 j - a scroll of magic mapping {unknown}
 l - a scroll of identify
 p - a scroll of remove curse
Potions
 k - 2 potions of lignification {!q}
 t - a potion of curing {unknown}
Books
 b - a book of Changes

   Spells                             Type                      Level
   a - Beastly Appendage              Transmutation                1
   b - Sticks to Snakes               Transmutation                2
   c - Spider Form                    Transmutation/Poison         3
   d - Ice Form                       Ice/Transmutation            4
   e - Blade Hands                    Transmutation                5
Comestibles
 c - 5 bread rations
 f - a royal jelly
 h - a meat ration


   Skills:
 - Level 1.1 Fighting
 - Level 1.7 Dodging
 - Level 5.0 Unarmed Combat
 - Level 2.0 Spellcasting
 + Level 4.5 Transmutations


You couldn't memorise any spells.
You knew the following spells:

 Your Spells              Type           Power        Failure   Level  Hunger
a - Beastly Appendage     Tmut           #.....       6%          1    ##.....
b - Sticks to Snakes      Tmut           #.......     10%         2    ###....
c - Blade Hands           Tmut           #.........   97%         5    ######.


Dungeon Overview and Level Annotations

Branches:
Dungeon (4/15)             Temple (1/1) D:4

Altars:
Ashenzari
Gozag
Kikubaaqudgha
Nemelex Xobeh
Okawaru
Ru
Sif Muna
Trog
Uskayaw
Vehumet
Yredelemnul
Zin
Lugonu


Innate Abilities, Weirdness & Mutations

Your plain brown scales are hard. (AC +5)
Your body does not fit into most forms of armour.
You are cold-blooded and may be slowed by cold attacks.
Your body sometimes deteriorates upon taking damage.
You are dopey. (Int -2)
You expend magic power (3 MP) to strengthen your wands.


Message History

You kill the orc!
An orc priest comes into view. It is wielding a mace.
The orc priest shouts!
You hit the ogre.
The ogre is lightly wounded.
The orc priest calls down the wrath of Beogh upon you.
Beogh smites you!
Your body deteriorates!
You feel dopey.
The ogre hits you with a giant spiked club!
You hit the ogre.
The ogre is heavily wounded.
An orc comes into view.
You hit the ogre.
The ogre is severely wounded.
The ogre closely misses you.
You hit the ogre.
The ogre is almost dead.
The ogre hits you with a giant spiked club!!
Ouch! That really hurt!
You die...

.. ...# .O.# .#.###.
##....... #........
############.o......
.......S@Oooo.o.....
###########o.######
###..## #.....#
#.....#
########.....#
.......'.....#
.#.....#.....#
#.....#.....#


You could see an ogre, an orc priest, 5 orcs and a friendly ball python.

Vanquished Creatures
  An orc priest (D:3)
  An iguana (D:4)
  5 adders
  2 worms
  A dart slug (D:2)
  A giant gecko (D:4)
  5 orcs
  3 giant cockroaches
  3 goblins
  7 hobgoblins
  6 jackals
  8 kobolds
  A ball python (D:3)
  6 bats
  11 rats
61 creatures vanquished.

Vanquished Creatures (collateral kills)
  A scorpion (D:4)
  Jessica (D:2)
  A bat (D:2)
  A giant cockroach (D:2)
  2 jackals (D:2)
  3 giant newts
  A kobold (D:2)
10 creatures vanquished.

Grand Total: 71 creatures vanquished

Notes
Turn   | Place    | Note
-------+----------+-------------------------------------------
     0 | D:1      | Rhoefr the Draconian Transmuter began the quest for the Orb.
     0 | D:1      | Reached XP level 1. HP: 16/16 MP: 3/3
   540 | D:2      | Reached XP level 2. HP: 23/23 MP: 5/5
   557 | D:2      | Learned a level 2 spell: Sticks to Snakes
   828 | D:2      | Reached XP level 3. HP: 14/28 MP: 4/6
   861 | D:2      | Found an opulent altar of Gozag.
  1053 | D:2      | Noticed Jessica
  1058 | D:2      | Reached skill level 4 in Unarmed Combat
  1064 | D:2      | Killed Jessica
  1066 | D:2      | Reached XP level 4. HP: 17/35 MP: 3/7
  2176 | D:3      | Reached XP level 5. HP: 40/40 MP: 8/8
  2198 | D:3      | Reached skill level 5 in Unarmed Combat
  2211 | D:3      | Learned a level 5 spell: Blade Hands
  2722 | D:4      | Found a staircase to the Ecumenical Temple.
  2749 | Temple   | Entered the Ecumenical Temple
  3122 | D:4      | Gained mutation: Your body sometimes deteriorates upon taking damage. [potion of mutation]
  3122 | D:4      | Gained mutation: You expend magic power (3 MP) to strengthen your wands. [potion of mutation]
  3122 | D:4      | Gained mutation: You are dopey. (Int -2) [potion of mutation]
  3192 | D:4      | Noticed an ogre
  3213 | D:4      | Slain by an ogre

Vault maps used:
D:1:      tarquinn_simple_flora_water_a
D:2:      nicolae_overflow_hidden_temple, nicolae_gozag_seed_capital,
          first_bread, uniq_jessica
D:4:      serial_forest, infiniplex_forest_end_1,
          infiniplex_forest_clump_diagonal, infiniplex_forest_straight_2,
          infiniplex_forest_end_2, infiniplex_forest_clump_C,
          infiniplex_forest_end_2, grunt_decor_mini_mirrors
Temple:   kb_corrupted_temple

Skill      XL: |  1  2  3  4  5 |
---------------+----------------+-----
Unarmed Combat | 4 5 |  5.0
Transmutations | 3 4 |  4.5
Fighting       | |  1.1
Dodging        | |  1.7
Spellcasting   | |  2.0

Action                   |  1- 3 |  4- 6 || total
-------------------------+-------+-------++-------
Melee: Unarmed           |   114 |   181 ||   295
       Tailslap          |     7 |    14 ||    21
       Punch             |     1 |     2 ||     3
       Kick              |     3 |    11 ||    14
       Headbutt          |     2 |     4 ||     6
 Cast: Sticks to Snakes  |     4 |     6 ||    10
       Beastly Appendage |     4 |    11 ||    15
  Use: Scroll            |       |     3 ||     3
       Potion            |       |     5 ||     5
 Stab: Sleeping          |     1 |       ||     1
  Eat: Chunk             |     1 |     6 ||     7
       Beef jerky        |       |     1 ||     1
Armor: Skin              |    62 |    46 ||   108
Dodge: Dodged            |    98 |    87 ||   185
